 Dungeon Crawl Stone Soup version 0.30.1-1-g62c8e00024 (webtiles) character file.

Game seed: 9314461311531219908

425 monsoonserge the Chiller (level 6, -10/44 HPs)
             Began as a Gnoll Ice Elementalist on July 16, 2023.
             Mangled by Menkaure (16 damage)
             ... on level 4 of the Dungeon.
             The game lasted 00:09:59 (3575 turns).

monsoonserge the Chiller (Gnoll Ice Elementalist)   Turns: 3575, Time: 00:09:59

Health: -10/44     AC:  4    Str:  7    XL:     6   Next: 96%
Magic:  8/14       EV: 13    Int: 17    God:
Gold:   126        SH:  0    Dex: 12    Spells: 9/16 levels left

rFire   . . .        u - +2 short sword (holy)
rCold   . . .        (no shield)
rNeg    + . .        v - +1 robe {rN+}
rPois   .            (no helmet)
rElec   .            (no cloak)
rCorr   .            m - +0 pair of gloves
SInv    .            (no boots)
Will    +....        (no amulet)
Stlth   +++          s - ring of willpower
HPRegen 0.27/turn    (no ring)
MPRegen 0.14/turn

%: no passive effects
@: hasted, studying Air Magic, very quick
A: fangs 1, strong nose, distributed training
a: no special abilities


You were on level 4 of the Dungeon.
You visited 1 branch of the dungeon, and saw 4 of its levels.

You collected 126 gold pieces.

Inventory:

Hand Weapons
 u - a +2 short sword of holy wrath (weapon)
Missiles
 a - 5 poisoned darts (quivered)
 l - 5 atropa-tipped darts
Armour
 j - a +3 ring mail
 m - a +0 pair of gloves (worn)
 t - a +1 chain mail of fire resistance
 v - a +1 robe of positive energy (worn)
Magical Staves
 p - a staff of death
Jewellery
 s - a ring of willpower (left hand)
Scrolls
 c - 2 scrolls of fear {unknown}
 e - a scroll of teleportation {unknown}
 f - 2 scrolls of amnesia {unknown}
 g - 3 scrolls of identify {unknown}
 i - a scroll of immolation {unknown}
 o - a scroll of enchant armour {unknown}
 q - a scroll of blinking {unknown}
 x - a scroll of fog {unknown}
 y - a scroll of poison {unknown}
Potions
 b - a potion of magic
 d - a potion of haste
 h - 2 potions of cancellation
 k - a potion of lignification {unknown}
 n - a potion of mutation {unknown}
 r - a potion of curing {unknown}
 w - a potion of invisibility {unknown}


   Skills:
 + Level 2.2 Fighting
 + Level 2.2 Short Blades
 + Level 2.2 Long Blades
 + Level 2.2 Axes
 + Level 2.2 Maces & Flails
 + Level 2.2 Polearms
 + Level 2.2 Staves
 + Level 2.2 Ranged Weapons
 + Level 2.2 Throwing
 + Level 2.2 Armour
 + Level 5.1 Dodging
 + Level 4.8 Stealth
 + Level 2.2 Shields
 + Level 2.2 Unarmed Combat
 + Level 5.5 Spellcasting
 + Level 1.8 Conjurations
 + Level 1.8 Hexes
 + Level 1.8 Summonings
 + Level 1.8 Necromancy
 + Level 1.8 Translocations
 + Level 1.8 Transmutations
 + Level 1.8 Fire Magic
 + Level 7.3 Ice Magic
 + Level 2.2 Air Magic
 + Level 1.8 Earth Magic
 + Level 1.8 Poison Magic
 + Level 2.5 Invocations
 + Level 2.2 Evocations


You had 9 spell levels left.
You knew the following spells:

 Your Spells              Type           Power      Damage    Failure   Level
a - Freeze                Ice            100%       1d10      1%          1
b - Ozocubu's Armour      Ice            29%        N/A       1%          3
c - Frozen Ramparts       Ice            58%        1d9       1%          3

Your spell library contained the following spells:

 Spells                   Type           Power      Damage    Failure   Level
 Slow                     Hex            44%        N/A       6%          1
 Confusing Touch          Hex            11%        N/A       19%         3
 Vampiric Draining        Necr           11%        2d6       19%         3
 Summon Ice Beast         Ice/Summ       20%        N/A       21%         4


Dungeon Overview and Level Annotations

Branches:
Dungeon (4/15)
 Temple: D:4-7

Altars:
Hepliaklqana
Xom

Annotations:
D:4 Menkaure


Innate Abilities, Weirdness & Mutations

You have very sharp teeth.
Your uncanny sense of smell can sniff out nearby items.
Your experience applies equally to all skills.


Message History

The wall freezes Menkaure but does no damage.
Menkaure gestures wildly while chanting.
Menkaure seems to speed up.
Menkaure completely resists.
The wall freezes Menkaure but does no damage.
Unknown command.
You hit Menkaure.
Menkaure convulses.
Menkaure is moderately damaged.
Menkaure resists.
The wall freezes Menkaure.
Menkaure hits you but does no damage.
You closely miss Menkaure.
Menkaure is moderately damaged.
The wall freezes Menkaure but does no damage.
Menkaure hits you but does no damage.
You hit Menkaure.
Menkaure convulses.
Menkaure is heavily damaged.
The frozen ramparts melt away.
Menkaure hits you but does no damage.
You hit Menkaure but do no damage.
Menkaure is heavily damaged.
Menkaure hits you!!
You barely miss Menkaure.
Menkaure is heavily damaged.
Menkaure hits you but does no damage.
You hit Menkaure.
Menkaure convulses.
Menkaure is severely damaged.
Menkaure hits you!
You hit Menkaure but do no damage. Your punch misses Menkaure.
You bite Menkaure, but do no damage.
Menkaure is severely damaged.
Menkaure hits you!
* * * LOW HITPOINT WARNING * * *
Unknown command.
It was a potion of cancellation.
Your magical effects are unravelling.
You feel magically purged.
Your icy armour evaporates.
Menkaure closely misses you.
It was a potion of haste.
You feel yourself speed up. Menkaure barely misses you. Menkaure hits you!
You die...

#.. ..# #........
#.......# ###
...####.....#'#
#.......# .....$....
#.# ######'## #.......
#.# #.....†. #.....#
#.# #.......
#.....####.# #.......
#.....##...# #.......
####M###.######.......
#.@.#.###..........
###.#.#...###......
#...#.### #######
##.>..# ######


You could see Menkaure (fast).

Vanquished Creatures
  A black bear (D:3)
  A jelly (D:4)
  2 hounds (D:4)
  An orc priest (D:3)
  2 orc wizards
  6 adders
  2 worms (D:2)
  4 dart slugs
  13 orcs
  5 ball pythons
  7 endoplasms
  3 giant cockroaches
  6 goblins
  8 hobgoblins
  7 jackals
  7 kobolds
  4 quokkas
  3 bats
  7 frilled lizards
  4 rats
93 creatures vanquished.

Notes
Turn   | Place    | Note
-------+----------+-------------------------------------------
     0 | D:1      | monsoonserge the Gnoll Ice Elementalist began the quest for
                  | the Orb.
     0 | D:1      | Reached XP level 1. HP: 13/13 MP: 6/6
     6 | D:1      | Noticed a salamander
     6 | D:1      | Noticed a swamp worm
     6 | D:1      | Noticed a hound
     7 | D:1      | Noticed a swamp drake
   167 | D:1      | Reached XP level 2. HP: 17/19 MP: 3/7
   732 | D:1      | Reached skill level 5 in Spellcasting
   732 | D:1      | Reached XP level 3. HP: 25/25 MP: 7/9
   736 | D:1      | Learned a level 3 spell: Ozocubu's Armour
   740 | D:1      | Learned a level 3 spell: Frozen Ramparts
   979 | D:2      | Reached skill level 1 in Invocations
  1221 | D:2      | Reached skill level 1 in Fighting
  1221 | D:2      | Reached skill level 1 in Short Blades
  1221 | D:2      | Reached skill level 1 in Long Blades
  1221 | D:2      | Reached skill level 1 in Axes
  1221 | D:2      | Reached skill level 1 in Maces & Flails
  1221 | D:2      | Reached skill level 1 in Polearms
  1221 | D:2      | Reached skill level 1 in Staves
  1221 | D:2      | Reached skill level 1 in Ranged Weapons
  1221 | D:2      | Reached skill level 1 in Throwing
  1221 | D:2      | Reached skill level 1 in Armour
  1221 | D:2      | Reached skill level 1 in Shields
  1221 | D:2      | Reached skill level 1 in Unarmed Combat
  1221 | D:2      | Reached skill level 1 in Evocations
  1295 | D:2      | Reached XP level 4. HP: 28/32 MP: 7/11
  1593 | D:2      | Reached skill level 1 in Conjurations
  1593 | D:2      | Reached skill level 1 in Hexes
  1593 | D:2      | Reached skill level 1 in Summonings
  1593 | D:2      | Reached skill level 1 in Necromancy
  1593 | D:2      | Reached skill level 1 in Translocations
  1593 | D:2      | Reached skill level 1 in Transmutations
  1593 | D:2      | Reached skill level 1 in Fire Magic
  1593 | D:2      | Reached skill level 1 in Air Magic
  1593 | D:2      | Reached skill level 1 in Earth Magic
  1593 | D:2      | Reached skill level 1 in Poison Magic
  1823 | D:3      | Found a shimmering altar of Xom.
  2309 | D:3      | Reached XP level 5. HP: 29/37 MP: 5/12
  2689 | D:3      | Found a faded altar of an unknown god.
  2690 | D:3      | Found a faded altar of an unknown god.
  2691 | D:3      | Found a hazy altar of Hepliaklqana.
  3062 | D:4      | Noticed Menkaure
  3064 | D:4      | Noticed a black bear
  3152 | D:3      | Killed a black bear
  3153 | D:3      | Reached skill level 5 in Dodging
  3153 | D:3      | Reached XP level 6. HP: 24/44 MP: 7/14
  3575 | D:4      | Mangled by Menkaure

Illustrated notes

Levels and vault maps discovered:
D:1:      onia_arrival_zoo_common, layout_basic
D:2:      layout_rooms, minmay_hexomino_f4
D:3:      minmay_evil_eye, layout_loops_corners, xom_teletrap_fun,
          nicolae_hepliaklqana_ecumenical_no_more, mrwooster_statue_mirror,
          kennysheep_generic_room_9
D:4:      layout_basic, uniq_menkaure

Skill      XL: |  1  2  3  4  5  6 |
---------------+-------------------+-----
Spellcasting   | 5 |  5.5
Invocations    | 1 2 |  2.5
Fighting       | 1 2 |  2.2
Short Blades   | 1 2 |  2.2
Long Blades    | 1 2 |  2.2
Axes           | 1 2 |  2.2
Maces & Flails | 1 2 |  2.2
Polearms       | 1 2 |  2.2
Staves         | 1 2 |  2.2
Ranged Weapons | 1 2 |  2.2
Throwing       | 1 2 |  2.2
Armour         | 1 2 |  2.2
Shields        | 1 2 |  2.2
Unarmed Combat | 1 2 |  2.2
Evocations     | 1 2 |  2.2
Conjurations   | 1 |  1.8
Hexes          | 1 |  1.8
Summonings     | 1 |  1.8
Necromancy     | 1 |  1.8
Translocations | 1 |  1.8
Transmutations | 1 |  1.8
Fire Magic     | 1 |  1.8
Air Magic      | 1 2 |  2.2
Earth Magic    | 1 |  1.8
Poison Magic   | 1 |  1.8
Dodging        | 5 |  5.1
Stealth        | |  4.8
Ice Magic      | |  7.3

Action                     |  1- 3 |  4- 6 || total
---------------------------+-------+-------++-------
  Melee: Unarmed           |     2 |       ||     2
         Punch             |     1 |     1 ||     2
         Trident           |    26 |    26 ||    52
         Dagger            |     4 |       ||     4
         Bite              |     4 |    13 ||    17
         Short sword       |       |    72 ||    72
  Throw: Dart              |       |     2 ||     2
   Cast: Freeze            |    34 |    24 ||    58
         Frozen Ramparts   |     1 |    10 ||    11
         Ozocubu's Armour  |       |     8 ||     8
    Use: Potion            |       |     2 ||     2
   Stab: Sleeping          |     3 |     9 ||    12
 Armour: Robe              |     7 |    29 ||    36
  Dodge: Dodged            |    34 |    78 ||   112
